cohdb
Replays
Latest Replays
All Replays
Popular Replays
Top Player Replays
Match Explorer
How It Works
Community
CoH3 Stats
Reddit
Sign in to upload your games and track your stats! →
Sign in with Steam
Match 44427495
Unlisted
Match 44427495
Overview
Messages
Build Orders
End
Selects Heavy Armor Battlegroup
Construct Section Command Post
Dingo Light Scout Car
Vickers Machine Gun Team
Infantry Section
Infantry Section
Construct Platoon Command Post
6-pounder Anti-tank Gun Team
Selects Rigorous Vehicle Training
Macho Man Randy Savage
Dumpster Bob
Alekel
makke
MatioS
UMirinBrah?
Zbirga
Dirkradix
0
0
Comments
sign in to comment!
No comments posted yet!